 Dungeon Crawl Stone Soup version 0.29-a0-359-g541a27f54d (webtiles) character file.

Game seed: 3880417370477089882

7 zeratav the Shooter (level 2, 0/17 HPs)
             Began as a Tengu Hunter on Apr 27, 2022.
             Slain by a quokka (2 damage)
             ... on level 1 of the Dungeon.
             The game lasted 00:00:15 (136 turns).

zeratav the Shooter (Tengu Hunter)                   Turns: 136, Time: 00:00:15

Health: 0/17       AC:  3    Str: 11    XL:     2   Next: 0%
Magic:  3/3        EV: 12    Int:  9    God:
Gold:   0          SH:  0    Dex: 17    Spells: 1/1 levels left

rFire   . . .      SeeInvis .   a - +1 shortbow {bow}
rCold   . . .      Faith    .   (shield currently unavailable)
rNeg    . . .      Spirit   .   b - +0 leather armour
rPois   .          Reflect  .   (helmet restricted)
rElec   .          Harm     .   (no cloak)
rCorr   .          Rampage  .   (no gloves)
Will    .....                   (boots unavailable)
Stlth   ++........              (no amulet)
HPRegen 0.05/turn               (no ring)
MPRegen 0.08/turn               (no ring)

@: no status effects
A: beak, talons 3
a: no special abilities


You were on level 1 of the Dungeon.
You visited 1 branch of the dungeon, and saw 1 of its levels.


Innate Abilities, Weirdness & Mutations

You have a beak for a mouth.
You have claws for feet.


   Skills:
 - Level 2.0 Fighting
 + Level 4.8 Bows
 - Level 2.1 Dodging
 - Level 1.0 Stealth


You had one spell level left.
You didn't know any spells.
Your spell library was empty.

Inventory:

Hand Weapons
 a - a +1 shortbow (weapon) {bow}
Armour
 b - a +0 leather armour (worn)
Scrolls
 c - a scroll of immolation {!r!r}

Dungeon Overview and Level Annotations

Branches:
Dungeon (1/15)

Altars:

#. #. # #.# #####. .#
#.#.###...#.## #.#
#.#.#.+..........#
#.#.#.#...#..#..##..
#.#.#..†....rr......
#.#.#.......@# #
#.#.#........#
#####.#.#..#####.#
('.#.............####...
##....#.#.#...........>.
####..#...........######
#..#...#####...#
#..#...# #...# #..#...#
#...#


You could see 2 quokkas.


Message History

You are too injured to fight recklessly!
You are too injured to fight recklessly!
You are too injured to fight recklessly!
You are too injured to fight recklessly!
Shoot: a) +1 shortbow {bow}
Press: ? - help, Q - select action Shift-Dir - straight line, f/p - dart slug
Aim: a dart slug (almost dead, 94% to hit)
You shoot an arrow. The arrow hits the dart slug.
You kill the dart slug!
Shoot: a) +1 shortbow {bow}
Press: ? - help, Q - select action Shift-Dir - straight line, f - you That would be overly suicidal.
Okay, then.
Shoot: a) +1 shortbow {bow}
Press: ? - help, Q - select action Shift-Dir - straight line, f - you That would be overly suicidal.
Okay, then.
Shoot: a) +1 shortbow {bow}
Press: ? - help, Q - select action Shift-Dir - straight line, f - you That would be overly suicidal.
Okay, then.
Shoot: a) +1 shortbow {bow}
Press: ? - help, Q - select action Shift-Dir - straight line, f - you That would be overly suicidal.
Okay, then.
Shoot: a) +1 shortbow {bow}
Press: ? - help, Q - select action Shift-Dir - straight line, f - you That would be overly suicidal.
Okay, then.
Unknown command.
Found a stone staircase leading down.
HP[+4]
Your hp is fully restored (12).
A goblin comes into view. It is wielding a +0 club.
You shoot an arrow. The arrow hits the goblin.
The goblin shouts!
A quokka comes into view.
You shoot an arrow. The arrow barely misses the goblin.
The arrow closely misses the quokka.
A quokka comes into view.
The goblin closely misses you.
You shoot an arrow. The arrow closely misses the goblin.
The goblin hits you with a +0 club.
You are too injured to fight recklessly!
You are too injured to fight recklessly!
You are too injured to fight recklessly!
You are too injured to fight recklessly!
You are too injured to fight recklessly!
You are too injured to fight recklessly!
HP[-3]
You take 3 damage, and now have 9/12 hp.
MASSIVE DAMAGE!! (PAUSE)
You are too injured to fight recklessly!
You are too injured to fight recklessly!
You are too injured to fight recklessly!
You are too injured to fight recklessly!
You are too injured to fight recklessly!
You are too injured to fight recklessly!
You are too injured to fight recklessly!
You are too injured to fight recklessly!
You are too injured to fight recklessly!
You are too injured to fight recklessly!
You are too injured to fight recklessly!
You are too injured to fight recklessly!
You are too injured to fight recklessly!
You are too injured to fight recklessly!
Shoot: a) +1 shortbow {bow}
Press: ? - help, Q - select action Shift-Dir - straight line, f/p - goblin
Aim: a goblin, wielding a +0 club (58% to hit)
You shoot an arrow. The arrow hits the goblin!
You kill the goblin!
The quokka bites you.
You have reached level 2!
HP[+1] MP[+1]
You now have 17 max hp (+5).
Your mp is fully restored (3).
Shoot: a) +1 shortbow {bow}
Press: ? - help, Q - select action Shift-Dir - straight line, f - quokka
Aim: a quokka (54% to hit)
You shoot an arrow. The arrow misses the quokka.
Shoot: a) +1 shortbow {bow}
Press: ? - help, Q - select action Shift-Dir - straight line, f/p - quokka
Aim: a quokka (54% to hit)
You shoot an arrow.
The arrow hits the quokka but does no damage.
The quokka bites you. x2
* * * LOW HITPOINT WARNING * * *
The quokka barely misses you. x2
Shoot: a) +1 shortbow {bow}
Press: ? - help, Q - select action Shift-Dir - straight line, f/p - quokka
Aim: a quokka (54% to hit)
You shoot an arrow. The arrow barely misses the quokka.
The quokka bites you.
* * * LOW HITPOINT WARNING * * *
The quokka closely misses you.
Shoot: a) +1 shortbow {bow}
Press: ? - help, Q - select action Shift-Dir - straight line, f/p - quokka
Aim: a quokka (54% to hit)
You shoot an arrow. The arrow closely misses the quokka.
The quokka misses you. The quokka bites you.
You die...

Action                   || total
-------------------------++-------
 Fire: Shortbow          ||    16
Dodge: Dodged            ||     6

Levels and vault maps discovered:
D:1:      minmay_arrival_shattered_statue, layout_basic

Notes
Turn   | Place    | Note
-------+----------+-------------------------------------------
     0 | D:1      | zeratav the Tengu Hunter began the quest for the Orb.
     0 | D:1      | Reached XP level 1. HP: 12/12 MP: 2/2
     0 | D:1      | magus.rc [v1.9.6]
   133 | D:1      | Reached XP level 2. HP: 10/17 MP: 3/3
   135 | D:1      | HP: 2/17 [quokka (3)]
   136 | D:1      | Slain by a quokka

Vanquished Creatures
  2 dart slugs (D:1)
  A goblin (D:1)
3 creatures vanquished.

Table legend:
 A = Non-vault XP
 B = Vault XP
 C = Vault XP percentage of total XP
 D = Non-vault monster count
 E = Vault monster count
 F = Vault count percentage of total count
                 A         B        C        D         E       F
            +---------+---------+-------+---------+---------+-------
      Total |      10 |       0 |   0.0 |       3 |       0 |   0.0
            +---------+---------+-------+---------+---------+-------
        D:1 |      10 |       0 |   0.0 |       3 |       0 |   0.0
            +---------+---------+-------+---------+---------+-------

Illustrated notes

Table legend:
 A = Kills in this place as a percentage of kills in entire the game.
 B = Kills by you in this place as a percentage of kills by you in the entire game.
 C = Kills by friends in this place as a percentage of kills by friends in the entire game.
 D = Other kills in this place as a percentage of other kills in the entire game.
 E = Experience gained in this place as a percentage of experience gained in the entire game.
 F = Experience gained in this place divided by the number of levels of this place that you have seen.
                   A       B       C       D       E      F
               +-------+-------+-------+-------+-------+----------------------
         Total | 100.0 | 100.0 |   N/A |   N/A | 100.0 |  10.0
       Dungeon | 100.0 | 100.0 |   N/A |   N/A | 100.0 |  10.0
               +-------+-------+-------+-------+-------+----------------------

Table legend: (Time is in decaauts)
 A = Elapsed time spent in this place.
 B = Non-inter-level travel time spent in this place.
 C = Inter-level travel time spent in this place.
 D = Time resting spent in this place.
 E = Time spent auto-exploring this place.
 F = Levels seen in this place.
 G = Mean time per level.
                   A        B        C        D        E       F      G
               +--------+--------+--------+--------+--------+-----+--------+
         Total |    140 |    140 |      0 |      0 |    117 |   1 |  140.0 |
       Dungeon |    140 |    140 |      0 |      0 |    117 |   1 |  140.0 |
               +--------+--------+--------+--------+--------+-----+--------+

Top non-repeatable levels by time:
     D:1: 140 daAuts
